 Dungeon Crawl Stone Soup version 0.29.1-12-g30fa7ad0bf (webtiles) character file.

Game seed: 13954965945592224842

343 venomsnake the Conjurer (level 6, 0/32 HPs)
             Began as a Deep Elf Conjurer on Dec 26, 2022.
             Slain by a lemure (2 damage)
             ... led by Pikel
             ... on level 4 of the Dungeon.
             The game lasted 00:10:56 (4333 turns).

venomsnake the Conjurer (Deep Elf Conjurer)         Turns: 4333, Time: 00:10:57

Health: 0/32       AC:  3    Str:  4    XL:     6   Next: 31%
Magic:  3/16       EV: 12    Int: 25    God:
Gold:   213        SH:  0    Dex: 13    Spells: 13/16 levels left

rFire   . . .      SeeInvis .   t - +0 whip
rCold   . . .      Faith    .   (no shield)
rNeg    . . .      Spirit   .   a - +0 robe
rPois   .          Reflect  .   (no helmet)
rElec   .          Harm     .   (no cloak)
rCorr   +          Rampage  .   (no gloves)
Will    .....                   o - +0 pair of boots
Stlth   ++........              (no amulet)
HPRegen 0.10/turn               m - ring of resist corrosion
MPRegen 0.15/turn               (no ring)

@: very slightly contaminated
A: no striking features
a: no special abilities


You were on level 4 of the Dungeon.
You visited 1 branch of the dungeon, and saw 4 of its levels.

You collected 213 gold pieces.

Inventory:

Hand Weapons
 t - a +0 whip (weapon)
Armour
 a - a +0 robe (worn)
 o - a +0 pair of boots (worn)
Jewellery
 m - a ring of resist corrosion (left hand)
 v - a ring of magical power
Scrolls
 d - 6 scrolls of identify {unknown}
 e - 3 scrolls of noise {unknown}
 f - 2 scrolls of enchant armour {unknown}
 g - a scroll of blinking {unknown}
 j - a scroll of enchant weapon {unknown}
 k - a scroll of fog {unknown}
 l - a scroll of amnesia {unknown}
 s - a scroll of fear {unknown}
Potions
 b - a potion of magic
 c - a potion of might {unknown}
 h - 3 potions of ambrosia {unknown}
 i - a potion of flight {unknown}
 n - a potion of invisibility {unknown}
 p - a potion of resistance {unknown}
 q - 2 potions of curing {unknown}
 r - 2 potions of attraction {unknown}
 u - a potion of heal wounds {unknown}


   Skills:
 - Level 2.4 Dodging
 - Level 2.4 Stealth
 + Level 5.7 Spellcasting
 + Level 6.0 Conjurations
 + Level 3.8 Translocations


You had 13 spell levels left.
You knew the following spells:

 Your Spells              Type           Power      Damage    Failure   Level
a - Magic Dart            Conj           100%       1d8       1%          1
b - Searing Ray           Conj           74%        2d7       1%          2

Your spell library contained the following spells:

 Spells                   Type           Power      Damage    Failure   Level
 Apportation              Tloc           52%        N/A       1%          1
 Gell's Gravitas          Tloc           26%        N/A       4%          3
 Lesser Beckoning         Tloc           26%        N/A       4%          3
 Teleport Other           Tloc           26%        N/A       4%          3
 Dazzling Flash           Conj/Hex       44%        N/A       7%          3
 Iskenderun's Mystic Bla  Conj/Tloc      31%        2d8       10%         4
 Ozocubu's Armour         Ice            7%         N/A       22%         3
 Fulminant Prism          Conj/Hex       11%        3d9       22%         4
 Alistair's Intoxication  Tmut/Pois      4%         N/A       91%         5
 Ozocubu's Refrigeration  Ice            3%         4d8       100%        7


Dungeon Overview and Level Annotations

Branches:
Dungeon (4/15)
 Temple: D:4-7

Altars:
Ru
Trog
Wu Jian
Xom
The Shining One

Annotations:
D:3 3 runed translucent doors, vlino's ghost, weakling SpEn
D:4 Pikel


Message History

Press: ? - help, Shift-Dir - straight line, f/p - Pikel
Aim: Pikel, wielding a +2 whip of freezing, wearing a +0 robe and carrying a wand of paralysis (6) (lightly wounded, 76% to hit)
The searing ray hits Pikel!
Pikel is moderately wounded.
The searing ray hits the lemure.
The lemure is lightly wounded. (Press . to maintain the ray.) Pikel hits you with a +2 whip of freezing.
Pikel freezes you.
Casting: Searing Ray (safe; 1% risk of failure)
Confirm with . or Enter, or press ? or * to list all spells.
Restarting spell: Searing Ray (safe; 1% risk of failure)
Press: ? - help, Shift-Dir - straight line, f/p - Pikel
Aim: Pikel, wielding a +2 whip of freezing, wearing a +0 robe and carrying a wand of paralysis (6) (moderately wounded, 76% to hit)
The searing ray hits Pikel.
Pikel is moderately wounded. (Press . to maintain the ray.) Pikel zaps a wand.
You resist with some effort. The lemure hits you.
Casting: Searing Ray (safe; 1% risk of failure)
Confirm with . or Enter, or press ? or * to list all spells.
Restarting spell: Searing Ray (safe; 1% risk of failure)
Press: ? - help, Shift-Dir - straight line, f/p - Pikel
Aim: Pikel, wielding a +2 whip of freezing, wearing a +0 robe and carrying a wand of paralysis (5) (moderately wounded, 76% to hit)
The searing ray misses Pikel. (Press . to maintain the ray.) Pikel closely misses you.
The lemure hits you!
Casting: Searing Ray (safe; 1% risk of failure)
Confirm with . or Enter, or press ? or * to list all spells.
Restarting spell: Searing Ray (safe; 1% risk of failure)
Press: ? - help, Shift-Dir - straight line, f/p - Pikel
Aim: Pikel, wielding a +2 whip of freezing, wearing a +0 robe and carrying a wand of paralysis (5) (moderately wounded, 76% to hit)
The searing ray hits Pikel.
Pikel is moderately wounded. (Press . to maintain the ray.) Pikel hits you with a +2 whip of freezing!
* * * LOW HITPOINT WARNING * * *
Pikel freezes you.
* * * LOW HITPOINT WARNING * * *
The lemure hits you.
You die...

.##.#####.## ####.# #.#
............ ..##.# #.# ≈
.##.#####.## #.##.# #.# ## §#
.##.#####.# #.##.# #.# #..§+
..........######.##.###.###.#≈#
....########.................≈≈
##### #.##.......)......##.# #
#.#.55K..#.#.####.##.# ##########
#.#.#@####.#.####.##.# .........#
#.#.#.## #.#.......#.#
########.###.#..#.###.######..#.#
# #.#.....###.##.## #..#.#
########.#.###.# ##....# #..#.#
...........# #.###.##..# #..#.#
#######..#.###..#.##...# #..#.#
#..#.....#.###.#.# #....#
#..###.###.# #.#.# #..###


You could see Pikel and 2 lemures.

Vanquished Creatures
  2 lemures
  2 jellies
  A hound (D:4)
  2 orc priests
  An iguana (D:3)
  2 orc wizards
  3 adders
  7 orcs
  5 ball pythons
  5 endoplasms
  4 giant cockroaches
  3 goblins
  7 hobgoblins
  6 jackals (D:2)
  6 kobolds
  A quokka (D:4)
  5 bats
  A frilled lizard (D:3)
  6 rats
69 creatures vanquished.

Vanquished Creatures (others)
  An orc wizard (D:4)
1 creature vanquished.

Grand Total: 70 creatures vanquished

Notes
Turn   | Place    | Note
-------+----------+-------------------------------------------
     0 | D:1      | venomsnake the Deep Elf Conjurer began the quest for the
                  | Orb.
     0 | D:1      | Reached XP level 1. HP: 10/10 MP: 6/6
   315 | D:1      | Reached XP level 2. HP: 15/15 MP: 5/8
   365 | D:1      | Learned a level 2 spell: Searing Ray
   481 | D:1      | Reached skill level 1 in Translocations
   912 | D:2      | Reached XP level 3. HP: 19/19 MP: 2/10
  1435 | D:2      | Found a faded altar of an unknown god.
  1769 | D:3      | Found a bloodstained altar of Trog.
  1769 | D:3      | Found a sacrificial altar of Ru.
  1769 | D:3      | Found a shimmering altar of Xom.
  1802 | D:3      | Reached skill level 5 in Conjurations
  1802 | D:3      | Reached XP level 4. HP: 24/24 MP: 6/12
  1877 | D:3      | Found a runed translucent gate.
  1878 | D:3      | Found a runed translucent gate.
  1879 | D:3      | Found a runed translucent gate.
  1880 | D:3      | Noticed vlino's ghost (weakling SpEn)
  1975 | D:3      | Reached XP level 5. HP: 28/28 MP: 8/14
  2208 | D:3      | Found a glowing golden altar of the Shining One.
  2324 | D:4      | Found an ornate altar of the Wu Jian Council.
  2603 | D:4      | Reached skill level 5 in Spellcasting
  2878 | D:4      | Noticed a lemure
  3294 | D:4      | Reached XP level 6. HP: 25/32 MP: 13/16
  3392 | D:4      | Noticed Pikel
  3846 | D:4      | Reached skill level 6 in Conjurations
  4333 | D:4      | Slain by a lemure

Illustrated notes

Levels and vault maps discovered:
D:1:      amcnicky_arrival_wind_blow, layout_loops_ring
D:2:      layout_loops_ring, hellmonk_ecumenical_altar_heavens_door,
          kennysheep_generic_room_13
D:3:      layout_rooms, nicolae_tso_carved_into_rock,
          gammafunk_temple_overflow_forgotten, ebering_ghost_rock_garden,
          minmay_misc_feat_cross
D:4:      layout_loops_ring, nicolae_wu_jian_immortal_techniques, serial_shops,
          kennysheep_mini_moat, st_stairs_12, grunt_ministairs_9, uniq_pikel

Skill      XL: |  1  2  3  4  5  6 |
---------------+-------------------+-----
Translocations | 1 2 3 |  3.8
Spellcasting   | 4 5 |  5.7
Conjurations   | 5 6 |  6.0
Dodging        | |  2.4
Stealth        | |  2.4

Action                   |  1- 3 |  4- 6 || total
-------------------------+-------+-------++-------
 Cast: Magic Dart        |    65 |    86 ||   151
       Searing Ray       |       |    28 ||    28
Armor: Robe              |     2 |     8 ||    10
Dodge: Dodged            |       |    31 ||    31
